 Dungeon Crawl Stone Soup version 0.30-a0-359-gd0147acb1a (webtiles) character file.

Game seed: 10076271745317020164

1120 oldriver the Grave Robber (level 8, -4/64 HPs)
             Began as a Mummy Necromancer on Nov 12, 2022.
             Slain by a killer bee (6 damage)
             ... on level 6 of the Dungeon.
             The game lasted 00:08:27 (5112 turns).

oldriver the Grave Robber (Mummy Necromancer)       Turns: 5112, Time: 00:08:27

Health: -4/64      AC:  4    Str: 11    XL:     8   Next: 12%
Magic:  2/16       EV: 12    Int: 17    God:
Gold:   750        SH:  0    Dex: 12    Spells: 5/18 levels left

rFire   . . .      SeeInvis .    h - +8 sling of the Hierophant {flame, rPois}
rCold   . . .      Faith    +    (no shield)
rNeg    + + +      Spirit   .    a - +0 robe
rPois   ∞          Reflect  .    (no helmet)
rElec   .          Harm     .    j - +1 cloak
rCorr   .          Rampage  .    (no gloves)
Will    +....                    (no boots)
Stlth   ++........               (no amulet)
HPRegen 0.30/turn                o - ring of wizardry
MPRegen 0.15/turn                d - ring of fire

@: animating dead, very slightly contaminated
A: cold resistance 1, negative energy resistance 3, torment resistance 2, heat
vulnerability 1, in touch with death 1, no potions, faith
a: no special abilities


You were on level 6 of the Dungeon.
You visited 1 branch of the dungeon, and saw 6 of its levels.

You collected 1036 gold pieces.
You spent 286 gold pieces at shops.

Inventory:

Hand Weapons
 h - the +8 sling of the Hierophant (weapon) {flame, rPois}
   (You found it on level 2 of the Dungeon)

   Any ammunition fired from it burns those it strikes, dealing additional fire
   damage.
   rPois:     It protects you from poison.
Armour
 a - a +0 robe (worn)
 j - a +1 cloak (worn)
Jewellery
 d - a ring of fire (right hand)
 o - a ring of wizardry (left hand)
Wands
 f - a wand of flame (8)
Scrolls
 c - a scroll of amnesia
 l - a scroll of enchant weapon


   Skills:
 * Level 5.7 Fighting
 + Level 2.7 Ranged Weapons
 - Level 1.5 Dodging
 - Level 1.5 Stealth
 + Level 5.6 Spellcasting
 + Level 5.8 Necromancy
 - Level 2.0 Ice Magic


You had 5 spell levels left.
You knew the following spells:

 Your Spells              Type           Power      Damage    Failure   Level
a - Necrotise             Necr           100%       1d9       1%          1
b - Vampiric Draining     Necr           37%        2d8       1%          3
c - Freeze                Ice            44%        1d6       2%          1
d - Animate Dead          Necr           37%        N/A       4%          4
e - Dispel Undead         Necr           37%        3d15      4%          4

Your spell library contained the following spells:

 Spells                   Type           Power      Damage    Failure   Level
 Kiss of Death            Conj/Necr      88%        2d12      1%          1
 Cigotuvi's Dreadful Rot  Necr/Pois/Air  34%        N/A       3%          2
 Shock                    Conj/Air       16%        1d4       5%          1
 Sting                    Tmut/Pois      16%        1d3       5%          1
 Summon Small Mammal      Summ           16%        N/A       5%          1
 Frozen Ramparts          Ice            22%        1d4       7%          3
 Poisonous Vapours        Pois/Air       8%         N/A       9%          2
 Hailstorm                Conj/Ice       8%         3d4       11%         3
 Agony                    Necr           37%        N/A       13%         5
 Call Canine Familiar     Summ           4%         N/A       16%         3
 Confusing Touch          Hex            4%         N/A       16%         3
 Inner Flame              Hex/Fire       7%         N/A       16%         3
 Mephitic Cloud           Conj/Pois/Air  4%         N/A       16%         3
 Summon Guardian Golem    Hex/Summ       4%         N/A       16%         3
 Swiftness                Air            4%         N/A       16%         3
 Summon Ice Beast         Ice/Summ       8%         N/A       32%         4
 Airstrike                Air            2%         2d(1-17)  45%         4
 Cause Fear               Hex            2%         N/A       45%         4
 Discord                  Hex            2%         N/A       100%        8
 Ice Form                 Ice/Tmut       Unusable   N/A       N/A         4

Dungeon Overview and Level Annotations

Branches:
Dungeon (6/15)
 Temple: D:4-7

Altars:
Fedhas
Makhleb
Okawaru
Trog
Uskayaw

Shops:
D:2 *   D:3 ?   D:5 :


Innate Abilities, Weirdness & Mutations

You are immune to poison.
Your flesh is cold resistant. (rC+)
You are immune to negative energy. (rN+++)
You are immune to unholy pain and torment.
You are vulnerable to heat. (rF-)
You are in touch with the powers of death.
You do not drink.
You have a special connection with the divine. (Faith)


Message History

The killer bee barely misses you. The killer bee stings you. x2
Casting: Vampiric Draining (safe; 1% risk of failure)
Confirm with . or Enter, or press ? or * to list all spells.
Aiming: Vampiric Draining (safe; 1% risk of failure)
Press: ? - help, Shift-Dir - straight line, f/p - killer bee
Aim: a killer bee (severely wounded)
You feel a surge of power!
You miscast Vampiric Draining.
You are very lightly contaminated with residual magic.
Nothing appears to happen.
The killer bee stings you. The killer bee completely misses you.
The killer bee barely misses you. The killer bee stings you.
The killer bee stings you but does no damage.
The killer bee misses you.
The killer bee stings you but does no damage.
Casting: Vampiric Draining (safe; 1% risk of failure)
Confirm with . or Enter, or press ? or * to list all spells.
Aiming: Vampiric Draining (safe; 1% risk of failure)
Press: ? - help, Shift-Dir - straight line, f/p - killer bee
Aim: a killer bee (severely wounded)
You feel a surge of power!
You draw life force from the killer bee.
You kill the killer bee!
You feel life coursing into your body.
The dead are flying!
The killer bee barely misses you. x2; The killer bee stings you.
The killer bee stings you!
* * * LOW HITPOINT WARNING * * *
The killer bee closely misses you. The killer bee stings you!
* * * LOW HITPOINT WARNING * * *
Blink to where?
Press: ? - help, Dir - move target
As you read the scroll of blinking, it crumbles to dust.
As you read the scroll of fog, it crumbles to dust.
The scroll dissolves into smoke.
The killer bee attacks as you move away!
The killer bee stings you.
* * * LOW HITPOINT WARNING * * *
The killer bee misses you. The killer bee closely misses you.
The killer bee stings you.
You die...

#..#.....# #..........## ###
#.......# #.....# #...####..
#......# #....# #........
##......# #...# ##...###.
##.......# ##§§## ##y...# ##
##........####§§§§#####.y.Z## #
##.............§§§§§yy§.y...# #
#.......###....§yy##§§§....####
# ......###
#.....@###########≈≈# ....###
##.....# ##⌠#⌠##≈# ##..#
#.....# #≈≈≈≈≈#≈### #..#
####.## ##≈...≈#≈##. ##.## ###
#⌠≈...≈#≈... #..# ##§._..'....
#..# #⌠≈...≈#≈.## ##.##
##≈...≈#§## #..#### #≈≈≈≈≈#§###


You could see 2 killer bees.

Vanquished Creatures
  2 water moccasins
  4 scorpions
  A killer bee (D:6)
  A howler monkey (D:5)
  2 orc priests
  2 jellies (D:5)
  A gnoll bouda (D:6)
  2 orc wizards
  5 iguanas
  4 adders
  10 gnolls
  2 dart slugs (D:1)
  10 orcs
  7 endoplasms
  A giant cockroach (D:4)
  4 goblins
  3 hobgoblins
  A quokka (D:5)
  6 ball pythons
  5 bats
  3 frilled lizards
  3 kobolds
  2 rats
81 creatures vanquished.

Vanquished Creatures (collateral kills)
  A hound (D:6)
  An iguana (D:6)
  2 gnolls (D:6)
4 creatures vanquished.

Vanquished Creatures (others)
  4 gnoll zombies (D:6)
  A plant (D:3)
5 creatures vanquished.

Grand Total: 90 creatures vanquished

Notes
Turn   | Place    | Note
-------+----------+-------------------------------------------
     0 | D:1      | oldriver the Mummy Necromancer began the quest for the Orb.
     0 | D:1      | Reached XP level 1. HP: 13/13 MP: 4/4
    46 | D:1      | Reached skill level 1 in Fighting
    46 | D:1      | Reached XP level 2. HP: 8/21 MP: 0/5
   611 | D:1      | You fall into a shaft and drop 1 floor!
   757 | D:1      | Found a faded altar of an unknown god.
   763 | D:1      | Got Plato's Exposition on Transfiguration
   943 | D:2      | Found Yskequg's Assorted Antiques.
  1027 | D:2      | Gained mutation: You are in touch with the powers of death.
                  | [Mummy growth]
  1027 | D:2      | Reached XP level 3. HP: 15/27 MP: 1/7
  1243 | D:2      | Identified the +8 sling of the Hierophant {flame, rPois}
  1689 | D:3      | Reached XP level 4. HP: 34/34 MP: 9/9
  1693 | D:3      | Learned a level 3 spell: Vampiric Draining
  1695 | D:3      | Learned a level 1 spell: Freeze
  1780 | D:3      | Found a hide-covered altar of Uskayaw.
  1781 | D:3      | Found a blossoming altar of Fedhas.
  1795 | D:3      | Found Roj Roew's Magic Scroll Shop.
  1834 | D:3      | Found an iron altar of Okawaru.
  2504 | D:4      | Noticed a scorpion
  2506 | D:4      | Killed a scorpion
  2507 | D:4      | Reached XP level 5. HP: 41/41 MP: 10/10
  3268 | D:5      | Entered Level 5 of the Dungeon
  3279 | D:5      | Identified the +4 trident of Narrow Tender Mercy {vorpal,
                  | rF- Int+2 Dex+4}
  3376 | D:5      | Reached skill level 1 in Ranged Weapons
  3376 | D:5      | Reached skill level 1 in Ice Magic
  3381 | D:5      | Reached XP level 6. HP: 48/48 MP: 7/12
  3508 | D:5      | Reached skill level 5 in Necromancy
  3592 | D:5      | Identified a scroll of acquirement
  3592 | D:5      | Acquired 771 gold pieces
  3599 | D:5      | Learned a level 4 spell: Animate Dead
  3608 | D:5      | Noticed a water moccasin
  3613 | D:5      | Killed a water moccasin
  3614 | D:5      | Reached XP level 7. HP: 55/55 MP: 5/14
  3779 | D:5      | Found Lomibum's Book Shoppe.
  3782 | D:5      | Bought a book of Touch for 286 gold pieces
  4234 | D:6      | Found a bloodstained altar of Trog.
  4259 | D:6      | Reached skill level 5 in Spellcasting
  4268 | D:6      | Reached skill level 5 in Fighting
  4506 | D:6      | Found a burning altar of Makhleb.
  4895 | D:6      | Noticed a steam dragon
  4944 | D:5      | Learned a level 4 spell: Dispel Undead
  5068 | D:6      | Reached XP level 8. HP: 59/64 MP: 16/16
  5109 | D:6      | HP: 1/64 [killer bee (6)]
  5112 | D:6      | Slain by a killer bee

Illustrated notes

Levels and vault maps discovered:
D:1:      lemuel_arrival_funnel, layout_loops_ring,
          shapermc_ecumenical_altar_rom_forum, minmay_strange_pillars
D:2:      layout_rooms, serial_shops, shop, minivault_4
D:3:      layout_rooms, tso_metal_star, mainiacjoe_overflow_catwalk,
          gammafunk_temple_overflow_forgotten, serial_shops,
          nicolae_shop_statue_plus
D:4:      layout_layer_cave
D:5:      layout_basic, serial_shops, kennysheep_mini
D:6:      layout_layer_cave, lightli_temple_of_fire,
          mainiacjoe_overflow_six_doors_small, temple_fountains, uniq_maggie

Skill      XL: |  1  2  3  4  5  6  7 |
---------------+----------------------+-----
Fighting       | 1 2 3 4 5 |  5.7
Spellcasting   | 3 4 5 |  5.6
Ranged Weapons | 1 2 |  2.7
Ice Magic      | 1 2 |  2.0
Necromancy     | 5 |  5.8
Dodging        | |  1.5
Stealth        | |  1.5

Action                   |  1- 3 |  4- 6 |  7- 9 || total
-------------------------+-------+-------+-------++-------
Melee: Unarmed           |    11 |       |       ||    11
 Fire: Sling             |    11 |    54 |    61 ||   126
 Cast: Necrotise         |    51 |    12 |     6 ||    69
       Vampiric Draining |       |     4 |     6 ||    10
       Animate Dead      |       |       |     9 ||     9
  Use: Scroll            |       |     8 |     6 ||    14
Armor: Robe              |    10 |     6 |     7 ||    23
Dodge: Dodged            |    21 |     8 |    27 ||    56

Table legend: (Time is in decaauts)
 A = Elapsed time spent in this place.
 B = Non-inter-level travel time spent in this place.
 C = Inter-level travel time spent in this place.
 D = Time resting spent in this place.
 E = Time spent auto-exploring this place.
 F = Levels seen in this place.
 G = Mean time per level.
                   A        B        C        D        E       F      G
               +--------+--------+--------+--------+--------+-----+--------+
         Total |   5154 |   4958 |    196 |    233 |   4098 |   6 |  859.0 |
       Dungeon |   5154 |   4958 |    196 |    233 |   4098 |   6 |  859.0 |
               +--------+--------+--------+--------+--------+-----+--------+

Top non-repeatable levels by time:
     D:4: 1149 daAuts
     D:5: 1101 daAuts
     D:1: 992 daAuts
     D:6: 772 daAuts
     D:3: 579 daAuts
     D:2: 560 daAuts
